 Dungeon Crawl Stone Soup version 0.27.1-33-g824d729ab1 (webtiles) character file.

Game seed: 17378094687172402089

413 pkoi the Insei (level 6, -4/51 HPs)
             Began as a Draconian Monk on Dec 19, 2021.
             Was a Believer of Dithmenos.
             Splashed by a jelly's acid (6 damage)
             ... on level 4 of the Dungeon.
             The game lasted 00:04:42 (4999 turns).

pkoi the Insei (Draconian Monk)                     Turns: 4999, Time: 00:04:42

Health: -4/51      AC: -5    Str: 13    XL:     6   Next: 59%
Magic:  6/6        EV: 13    Int: 13    God:    Dithmenos [**....]
Gold:   123        SH:  0    Dex: 13    Spells: 5/5 levels left

rFire    . . .     SeeInvis .   c - +1 dagger (venom)
rCold    . . .     Faith    .   (no shield)
rNeg     . . .     Spirit   .   (armour unavailable)
rPois    .         Reflect  .   (helmet restricted)
rElec    .         Harm     .   o - +0 cloak
rCorr    .         Rampage  .   (no gloves)
Will     .....                  (no boots)
Stlth    ++........             (no amulet)
HPRegen  0.17/turn              e - ring of wizardry
MPRegen  0.10/turn              (no ring)

@: corroded, wreathed by umbra
A: AC +6, unfitting armour, cold-blooded
a: Renounce Religion, Shadow Step


You were on level 4 of the Dungeon.
You worshipped Dithmenos.
Dithmenos was pleased with you.
You visited 2 branches of the dungeon, and saw 5 of its levels.

You collected 123 gold pieces.

Inventory:

Hand Weapons
 a - a +0 dagger
 c - a +1 dagger of venom (weapon)
 j - a +0 hunting sling
Missiles
 g - 6 boomerangs (quivered)
 h - 2 throwing nets
 k - 73 stones
Armour
 o - a +0 cloak (worn)
Jewellery
 e - a ring of wizardry (left hand)
Scrolls
 b - a scroll of fear
Potions
 d - 3 potions of flight {unknown}
 f - a potion of might {unknown}
 l - a potion of lignification {unknown}
 n - a potion of curing {unknown}


   Skills:
 - Level 3.2 Fighting
 + Level 3.6 Dodging
 - Level 1.7 Stealth
 * Level 6.9 Unarmed Combat
 + Level 1.0 Invocations


You had 5 spell levels left.
You didn't know any spells.
Your spell library contained the following spells:

 Spells                   Type           Power      Damage    Failure   Level
 Animate Skeleton         Necr           0%         N/A       12%         1
 Pain                     Necr           0%         1d4       12%         1
 Vampiric Draining        Necr           0%         2d6       34%         3


Dungeon Overview and Level Annotations

Branches:
Dungeon (4/15)             Temple (1/1) D:4

Altars:
Ashenzari
Dithmenos
Gozag
Hepliaklqana
Kikubaaqudgha
Makhleb
Okawaru
Qazlal
Ru
Sif Muna
Uskayaw
Vehumet
Wu Jian
Xom
Yredelemnul
The Shining One

Shops:
D:4 (


Innate Abilities, Weirdness & Mutations

Your plain brown scales are hard. (AC +6)
You cannot fit into any form of body armour.
You are cold-blooded and may be slowed by cold attacks.


Message History

The jelly is lightly wounded.
The jelly barely misses you.
You hit the jelly.
Your hands burn!
The jelly is moderately wounded.
The jelly hits you but does no damage.
You hit the jelly.
Your hands burn!
The jelly is heavily wounded.
The jelly barely misses you.
You hit the jelly. The acid corrodes you!
Your hands burn!
The jelly is heavily wounded.
The jelly hits you.
You are splashed with acid!
* * * LOW HITPOINT WARNING * * *
You hit the jelly but do no damage.
The jelly is poisoned.
The acid corrodes you!
Your hands burn!
* * * LOW HITPOINT WARNING * * *
You tail-slap the jelly.
The jelly is severely wounded.
The jelly closely misses you.
You hit the jelly but do no damage.
Your hands burn!
* * * LOW HITPOINT WARNING * * *
Your tail-slap misses the jelly.
The jelly is severely wounded.
The jelly closely misses you.
You hit the jelly but do no damage. The acid corrodes you!
Your hands burn!
* * * LOW HITPOINT WARNING * * *
You tail-slap the jelly, but do no damage.
The jelly is almost dead.
The jelly barely misses you.
You barely miss the jelly.
The jelly is almost dead.
The jelly barely misses you.
Unknown command.
You hit the jelly but do no damage.
The jelly looks as sick as possible!
Your hands burn!
* * * LOW HITPOINT WARNING * * *
The jelly is almost dead.
The jelly hits you.
* * * LOW HITPOINT WARNING * * *
You are splashed with acid.
You die...

#.##.............#......
###.##...............
#...##.............#.
#.####.........##.... ##.##
#.........# #..#
....###..<).....# ##
##......###.##### ########
.....##.##.############.÷..÷.#
###........###..@...##..JP...#
...........##...J...#.#......#
....#..##..'.......[#)#.÷JJ.P#
#.#...###..'........#J#..J.J.#
..........)'......#.#.#PJPP..#
......).##)##.....#.#.#.J....#
.........))###....#.#.#PJ.J.P#
####..###.## #######.##..÷.÷(#
###....##..### ### ###########


You could see a jelly (extremely poisoned).

Vanquished Creatures
  A sky beast (D:4)
  A jelly (D:4)
  Crazy Yiuf (D:3)
  2 iguanas
  An orc wizard (D:3)
  6 adders
  4 gnolls
  2 worms (D:2)
  6 orcs (D:3)
  7 endoplasms
  4 giant cockroaches
  6 hobgoblins
  6 jackals
  3 quokkas
  3 ball pythons
  3 bats
  A frilled lizard (D:1)
  11 goblins
  12 kobolds
  7 rats
87 creatures vanquished.

Vanquished Creatures (others)
  5 fungi (D:4)
  9 toadstools (D:4)
14 creatures vanquished.

Grand Total: 101 creatures vanquished

Notes
Turn   | Place    | Note
-------+----------+-------------------------------------------
     0 | D:1      | pkoi the Draconian Monk began the quest for the Orb.
     0 | D:1      | Reached XP level 1. HP: 19/19 MP: 1/1
   129 | D:1      | Reached XP level 2. HP: 22/26 MP: 2/2
   583 | D:1      | Reached skill level 4 in Unarmed Combat
  1125 | D:2      | Reached XP level 3. HP: 25/31 MP: 3/3
  1862 | D:3      | Reached XP level 4. HP: 38/38 MP: 4/4
  1874 | D:3      | Reached skill level 5 in Unarmed Combat
  2765 | D:3      | Found a faded altar of an unknown god.
  2846 | D:3      | Found a runed translucent door.
  2847 | D:3      | Noticed Crazy Yiuf
  2933 | D:3      | Reached XP level 5. HP: 45/45 MP: 5/5
  3265 | D:3      | Killed Crazy Yiuf
  3266 | D:3      | Reached skill level 6 in Unarmed Combat
  3789 | D:4      | Noticed a sky beast
  3964 | D:4      | Found Wougriw's Antique Weapon Shoppe.
  3991 | D:4      | Killed a sky beast
  3992 | D:4      | Reached XP level 6. HP: 36/51 MP: 6/6
  4105 | D:4      | Found a staircase to the Ecumenical Temple.
  4121 | Temple   | Entered the Ecumenical Temple
  4302 | Temple   | Became a worshipper of Dithmenos the Shadowed
  4302 | Temple   | Reached * piety under Dithmenos
  4302 | Temple   | Reached ** piety under Dithmenos
  4982 | D:4      | Reached skill level 1 in Invocations
  4999 | D:4      | HP: 2/51 [jelly (2)]
  4999 | D:4      | Splashed by a jelly's acid

Illustrated notes

Levels and vault maps discovered:
D:1:      sevenhm_arrival_forest_fort_large_2, layout_basic, corner_web_ring
D:2:      layout_loops_cross
D:3:      layout_loops_ring, chequers_ecumenical_altar_simple,
          uniq_crazy_yiuf_cottage
D:4:      cheibrodos_fertilizer, layout_rooms, minmay_temple_entry_arrows,
          lightli_sewer_entry_pipes, serial_shops, shop_fountains,
          interstate_on_off, roderic_batcave
Temple:   eino_temple_rhombus

Skill      XL: |  1  2  3  4  5  6 |
---------------+-------------------+-----
Unarmed Combat | 4 5 6 |  6.9
Dodging        | 3 |  3.6
Invocations    | 1 |  1.0
Fighting       | |  3.2
Stealth        | |  1.7

Action                   |  1- 3 |  4- 6 || total
-------------------------+-------+-------++-------
Melee: Unarmed           |    22 |       ||    22
       Tailslap          |     8 |    30 ||    38
       Dagger            |    86 |   187 ||   273
       Punch             |     1 |     7 ||     8
  Use: Scroll            |       |     3 ||     3
 Stab: Sleeping          |     8 |     1 ||     9
Armor: Skin              |    29 |    45 ||    74
Dodge: Dodged            |    54 |   119 ||   173
